[Event "Chess Festival Groningen 2023 | A"]
[Site "Groningen, Netherlands"]
[Date "2023.12.23"]
[Round "3.2"]
[White "Romanov, Evgeny"]
[Black "Aarav, Dengla"]
[Result "1-0"]
[TimeControl "90min/40moves + 30min + 30sec/move"]
[BlackFideId "45059756"]
[WhiteElo "2561"]
[BlackElo "2382"]

1. d4 d5 2. c4 e6 3. Nf3 a6 4. Bg5 Be7 5. Bxe7 Nxe7 6. Nbd2 Nd7 7. Rc1 b6 8. cxd5 exd5 9. b4 Bb7 10.
g3 Rc8 11. Bh3 O-O 12. O-O f5 13. Nb3 Nf6 14. Ne5 Qd6 15. a3 Nd7 16. Nxd7 Qxd7 17. Rc3 Bc6 18. Nd2 Ba4 19. Qb1 Qd6 20.
e3 g5 21. Rfc1 g4 22. Bf1 Ra8 23. b5 Ra7 24. bxa6 h5 25. Bb5 Bxb5 26. Qxb5 Rfa8 27. Nb3 Rxa6 28. Rxc7 h4 29. Rd7 Qe6 30.
Rcc7 Rxa3 31. Rxe7 Rxb3 32. Rxe6 Rxb5 33. gxh4 Rf8 34. Ree7 Rf6 35. h5 Ra5 36. h6 1-0

[Event "Chess Festival Groningen 2023 | A"]
[Site "Groningen, Netherlands"]
[Date "2023.12.23"]
[Round "3.3"]
[White "Bulmaga, Irina"]
[Black "Kobo, Ori"]
[Result "0-1"]
[TimeControl "90min/40moves + 30min + 30sec/move"]
[WhiteElo "2439"]
[BlackElo "2541"]

1. e4 e5 2. Nf3 Nc6 3. d4 exd4 4. Nxd4 Bc5 5. Be3 Qf6 6. c3 d6 7. Na3 Bxa3 8. bxa3 a6 9. Be2 Nge7 10.
O-O O-O 11. f4 d5 12. e5 Qh6 13. Qd2 Nxd4 14. cxd4 Qg6 15. Rac1 c6 16. Rc3 Bg4 17. Bxg4 Qxg4 18. h3 Qd7 19.
g4 f5 20. exf6 Rxf6 21. f5 Nc8 22. Bf4 Nd6 23. Bxd6 Qxd6 24. Re1 Raf8 25. Re5 g6 26. Qg2 Kh8 27. Rg3 Qd7 28. Qe2 gxf5 29.
g5 Qg7 30. Qf2 R6f7 31. h4 f4 32. Rf3 Qg6 33. Kh2 Rf5 34. Re7 R5f7 35. Re5 Rf5 36. Re7 R8f7 37. Re8+ Kg7 38. Kh3 h6 39.
gxh6+ Kxh6 40. Qe2 Kh7 41. Re6 Qh5 42. Qd3 Kg7 43. Qf1 Kh7 44. Qd3 Kg8 45. Qf1 Rh7 46. Qf2 Qf7 47. Re1 Rf6 48.
Rf1 Qe6+ 49. Kh2 Rhf7 50. Rg1+ Kf8 51. Rg5 Rf5 52. Rg4 Qe4 53. a4 R5f6 54. a5 Qf5 55. Rg5 Qh7 56. Rg4 Qe4 57.
a3 Ke7 58. Rb3 Kf8 59. Rf3 Ke8 60. Rg8+ Rf8 61. Rg4 Kd8 62. Rg5 Kc8 63. Re5 Qh7 64. Qe1 Qg6 65. Re7 Rg8 66. Qf1 Qg3+ 67.
Rxg3 fxg3+ 68. Kg2 Rxf1 69. Kxf1 Rh8 70. Re3 Rxh4 71. Rd3 Rg4 72. Kg2 Kc7 73. Rd1 Kd6 74. Kf3 Rg7 75. Kg2 c5 76.
dxc5+ Kxc5 77. Rc1+ Kb5 78. Rd1 Kxa5 79. Rxd5+ Ka4 80. Rd3 b5 81. Rf3 Rg5 82. Re3 a5 83. Rf3 b4 84. axb4 axb4 85.
Rf4 Ka3 0-1

[Event "Chess Festival Groningen 2023 | A"]
[Site "Groningen, Netherlands"]
[Date "2023.12.23"]
[Round "3.4"]
[White "De Winter, Arthur"]
[Black "Beerdsen, Thomas"]
[Result "1-0"]
[TimeControl "90min/40moves + 30min + 30sec/move"]
[WhiteElo "2405"]
[BlackElo "2511"]

1. e4 c5 2. Nf3 d6 3. d4 cxd4 4. Nxd4 Nf6 5. Nc3 a6 6. h3 e5 7. Nf3 Be7 8. g4 h6 9. Rg1 b5 10.
g5 hxg5 11. Nxg5 Qc7 12. Be3 Bb7 13. Qd2 Nbd7 14. O-O-O b4 15. Nd5 Nxd5 16. exd5 Nf6 17. Bg2 Bc8 18. f4 Bf5 19. Kb1 exf4 20.
Bxf4 O-O 21. Be3 Rfc8 22. Rc1 Rab8 23. Ka1 Bxc2 24. Bd4 b3 25. Be4 Qd8 26. Bxc2 Rxc2 27. Rxc2 bxc2 28. Qxc2 Qc8 29.
Qb1 Qb7 30. Nxf7 Qxd5 31. Nh6+ Kf8 32. Qg6 gxh6 33. Bxf6 Rb7 34. Bg7+ Kg8 35. Qe8+ 1-0

[Event "Chess Festival Groningen 2023 | A"]
[Site "Groningen, Netherlands"]
[Date "2023.12.23"]
[Round "3.5"]
[White "Krasenkow, Michal"]
[Black "Kanov, Nikola"]
[Result "1-0"]
[TimeControl "90min/40moves + 30min + 30sec/move"]
[WhiteElo "2532"]
[BlackElo "2371"]

1. d4 Nf6 2. c4 e6 3. Nc3 Bb4 4. e3 O-O 5. Bd3 d5 6. Nge2 dxc4 7. Bxc4 c5 8. a3 Bxc3+ 9. bxc3 Qc7 10.
Ba2 Rd8 11. O-O e5 12. f3 Be6 13. Bxe6 fxe6 14. Qb3 c4 15. Qa2 Nbd7 16. e4 exd4 17. cxd4 b5 18. Rb1 Rab8 19. Nc3 a6 20.
Be3 e5 21. Rfd1 Kh8 22. Qf2 Qa5 23. Qb2 Qc7 24. Na2 Nb6 25. dxe5 Na4 26. Qa1 Nd7 27. Nb4 Ndc5 28. Nd5 Qc6 29.
Bxc5 Qxc5+ 30. Kh1 Re8 31. f4 c3 32. Rbc1 Rbc8 33. Qa2 a5 34. Rd3 h6 35. g3 Kh7 36. Nf6+ Kh8 37. Nxe8 Rxe8 38.
Kg2 b4 39. axb4 Qxb4 40. Kf3 Nc5 41. Re3 Rd8 42. Rcxc3 Nxe4 43. Rcd3 Nd2+ 44. Kg4 Rxd3 45. Rxd3 Nc4 46. Kh3 g5 47.
Rd8+ Kg7 48. Rd7+ Kf8 49. Qc2 g4+ 50. Kh4 Ke8 51. e6 1-0

[Event "Chess Festival Groningen 2023 | A"]
[Site "Groningen, Netherlands"]
[Date "2023.12.23"]
[Round "3.6"]
[White "Gomes, Mary Ann"]
[Black "Reinderman, Dimitri"]
[Result "1/2-1/2"]
[TimeControl "90min/40moves + 30min + 30sec/move"]
[WhiteElo "2332"]
[BlackElo "2580"]

1. Nf3 d5 2. g3 c5 3. Bg2 Nc6 4. c4 dxc4 5. Na3 e5 6. O-O Be6 7. Qa4 f6 8. Nxc4 Nge7 9. d3 Nd5 10.
Bd2 Qd7 11. Rfc1 Rb8 12. Ne3 Nb6 13. Qd1 Be7 14. a4 a5 15. Bc3 Nc8 16. Nd2 b6 17. f4 exf4 18. gxf4 O-O 19. f5 Bf7 20.
Qe1 Nd4 21. Qf2 Re8 22. Bxd4 cxd4 23. Ng4 Na7 24. Qg3 Rbc8 25. Nh6+ Kf8 26. Nxf7 Kxf7 27. Qf3 Bb4 28. Nb3 Re5 29.
Qb7 Qxb7 30. Bxb7 Rce8 31. Rc7+ R8e7 32. Rac1 Rxe2 33. Nxd4 R2e5 34. Rxe7+ Kxe7 35. Nf3 Rc5 36. Rxc5 Bxc5+ 1/2-1/2

[Event "Chess Festival Groningen 2023 | A"]
[Site "Groningen, Netherlands"]
[Date "2023.12.23"]
[Round "3.7"]
[White "Nagarkatte, Vedant"]
[Black "Stremavicius, Titas"]
[Result "0-1"]
[TimeControl "90min/40moves + 30min + 30sec/move"]
[WhiteFideId "25636227"]
[WhiteElo "2320"]
[BlackElo "2550"]

1. e4 c5 2. Nf3 Nc6 3. Bb5 g6 4.
O-O Bg7 5. c3 Nf6 6. Re1 O-O 7. d4 cxd4 8. cxd4 d5 9. e5 Ne4 10. Nc3 Nxc3 11. bxc3 Na5 12. Bd3 Qc7 13. Bg5 f6 14.
exf6 exf6 15. Bd2 Bd7 16. Rb1 a6 17. Qc1 Rfe8 18. Rxe8+ Bxe8 19. Bf4 Qc6 20. Qa3 Nc4 21. Qe7 b5 22.
a4 Qd7 23. Qxd7 Bxd7 24. Bxc4 bxc4 25. a5 Bb5 26. Bd6 Re8 27. Kf1 Bh6 28. Re1 Rxe1+ 29. Nxe1 Bd2 30. Bb4 Bf4 31. Nc2 Kf7 32.
g3 Bc7 33. Ke2 g5 34. Ne3 Ke6 35. h3 Be8 36. g4 Bg6 37. f3 h5 38. Kf2 Bd8 39. Ng2 Bc7 40. Ne3 Bb8 41. Bc5 Bf4 42.
Bb4 Bc7 43. Kg2 f5 44. Kf2 fxg4 45. fxg4 h4 46. Kf1 Bd3+ 47. Kg1 Bf4 48. Kf2 Bg3+ 49. Kg2 Be1 50. Kg1 Be4 51. Kf1 Bg3 52.
Kg1 Bf4 53. Kf2 Kd7 54. Nf5 Kc6 55. Ng7 Bg3+ 56. Kg1 Bd6 57. Bxd6 Kxd6 58. Ne8+ Kc6 59. Kf2 Bg6 60. Nf6 Kd6 61.
Kf3 Ke6 62. Ng8 Bh7 63. Nh6 Kf6 0-1

[Event "Chess Festival Groningen 2023 | A"]
[Site "Groningen, Netherlands"]
[Date "2023.12.23"]
[Round "3.8"]
[White "Elgersma, Onno"]
[Black "Tiviakov, Sergei"]
[Result "0-1"]
[TimeControl "90min/40moves + 30min + 30sec/move"]
[WhiteElo "2310"]
[BlackElo "2536"]

1. e4 e6 2. d4 d5 3. Nd2 dxe4 4. Nxe4 Bd7 5. Nf3 Bc6 6. Bd3 Nd7 7. O-O Ngf6 8. Ng3 Be7 9. Re1 O-O 10.
Qe2 Bxf3 11. Qxf3 c6 12. c3 Re8 13. Bc2 a5 14. a4 Qc7 15. Ne4 Nxe4 16. Qxe4 g6 17. g3 Rad8 18. Bf4 Qb6 19.
Rab1 Nf6 20. Qf3 Rd7 21. Re2 Nd5 22. Bh6 Bf8 23. Bxf8 Rxf8 24. h4 Qd8 25. Re5 Kg7 26. h5 b6 27.
Bb3 Rd6 28. Rbe1 Nf6 29. g4 gxh5 30. gxh5 Rg8 31. Rg5+ Kh6 32. Rxg8 Qxg8+ 33. Kf1 Qg5 34. Re5 Qh4 35. Qe3+ Kg7 36. Rg5+ Kf8 37. Ke2 Ke7 38. Qg3 Qe4+ 39. Kd2 Qb1 40.
Bc2 Qxb2 41. Qh4 c5 42. d5 Kd7 0-1

[Event "Chess Festival Groningen 2023 | A"]
[Site "Groningen, Netherlands"]
[Date "2023.12.23"]
[Round "3.9"]
[White "Maatman, Nick"]
[Black "Kollen, Zyon"]
[Result "1-0"]
[TimeControl "90min/40moves + 30min + 30sec/move"]
[WhiteElo "2371"]
[BlackElo "2318"]

1. e4 e6 2. d4 d5 3. Nc3 Bb4 4. e5 c5 5. a3 Bxc3+ 6. bxc3 Ne7 7. h4 Qa5 8. Bd2 Qa4 9. h5 h6 10.
Rb1 c4 11. Rh3 Nbc6 12. g4 b6 13. f4 Bd7 14. Rg3 O-O-O 15. Bh3 g6 16. hxg6 fxg6 17. Nf3 Rdf8 18. Kf2 Nd8 19. Rb4 Qa5 20.
a4 h5 21. g5 Be8 22. Nh4 Rh7 23. Qa1 Nf5 24. Bxf5 exf5 25. Rg1 Ne6 26. Rgb1 Qa6 27. Bc1 Rg8 28. Kg3 Rb7 29. Qa3 Rgg7 30.
Ra1 Rb8 31. Rbb1 b5 32. a5 Rd7 33. Qb4 Qc6 34. a6 Rb6 35. Ra5 Rg7 36. Rba1 Qd7 37. Ba3 Nd8 38. Qb1 Ne6 39. Bb4 Rh7 40.
Qh1 Rh8 41. Bc5 Rb8 42. Bd6 Nc7 43. Qb1 Qe6 44. Qb4 Bc6 45. Bxc7 Kxc7 46. Qd6+ Qxd6 47. exd6+ Kxd6 48. Nxg6 Rhg8 49.
Ne5 Be8 50. Re1 b4 51. cxb4 Rxb4 52. c3 Rb3 53. Re3 Rb1 54.
Nf3 Bf7 55. Ra2 Be6 56. Rae2 Bd7 57. Ne5 h4+ 58. Kxh4 Rg1 59. Nf7+ Kc7 60. Nh6 Rh1+ 61. Rh3 Rxh3+ 62. Kxh3 Rg6 63.
Re5 Rxa6 64. Rxd5 Ra1 65. Rc5+ Kb6 66. Nf7 Rc1 67. Ne5 Rxc3+ 68. Kh4 Bb5 69. g6 Rc1 70. Kg5 a5 71. g7 a4 72. Kf6 Rg1 73. Nxc4+ Ka6 74. Kf7 1-0

[Event "Chess Festival Groningen 2023 | A"]
[Site "Groningen, Netherlands"]
[Date "2023.12.23"]
[Round "3.10"]
[White "De Boer, Eelke"]
[Black "Ter-Avetisjana, Agnesa Stepania"]
[Result "1-0"]
[TimeControl "90min/40moves + 30min + 30sec/move"]
[BlackFideId "11614900"]
[WhiteElo "2346"]
[BlackElo "1974"]

1. e4 c6 2. d4 d5 3. e5 Bf5 4. Nf3 e6 5. Be2 c5 6. c3 Nc6 7. O-O Bg4 8. Nbd2 cxd4 9. cxd4 Qb6 10.
a3 a5 11. h3 Bh5 12. Qa4 Nge7 13. b4 Bxf3 14. Nxf3 Nf5 15. Bd2 Be7 16. Bc3 O-O 17. b5 Nb8 18. Bd3 Nd7 19. Qc2 g6 20.
Qd2 Rfc8 21. a4 Qa7 22. Bb2 Bb4 23. Qf4 Nb6 24. g4 Ng7 25. Qh6 Nd7 26. h4 Ne8 27. Rac1 Bf8 28. Qf4 Be7 29.
h5 Nb6 30. Ba3 Bd8 31. hxg6 hxg6 32. Bxg6 fxg6 33. Qf8+ Kh7 34. Kg2 1-0

[Event "Chess Festival Groningen 2023 | A"]
[Site "Groningen, Netherlands"]
[Date "2023.12.23"]
[Round "3.11"]
[White "Kovchan, Alexander"]
[Black "Mierins, Emils Janis"]
[Result "1-0"]
[TimeControl "90min/40moves + 30min + 30sec/move"]
[WhiteElo "2491"]
[BlackElo "2258"]

1. e4 c5 2. Nf3 e6 3. d4 cxd4 4. Nxd4 Nf6 5. Nc3 Nc6 6. a3 Qc7 7. Be3 a6 8. f4 d6 9. Qf3 Bd7 10.
O-O-O Nxd4 11. Bxd4 e5 12. fxe5 dxe5 13. Qg3 Bd6 14. Qxg7 O-O-O 15. Qxf6 exd4 16. Nd5 Qc6 17. Rxd4 Bc5 18.
Rc4 1-0

[Event "Chess Festival Groningen 2023 | A"]
[Site "Groningen, Netherlands"]
[Date "2023.12.23"]
[Round "3.12"]
[White "Besou, Hussain"]
[Black "Lahaye, Rick"]
[Result "0-1"]
[TimeControl "90min/40moves + 30min + 30sec/move"]
[WhiteElo "2280"]
[BlackElo "2439"]

1. e4 c5 2. Nf3 d6 3. d4 cxd4 4. Nxd4 Nf6 5. Nc3 Bd7 6. Bg5 e6 7. Qd2 a6 8. O-O-O h6 9. Bxf6 Qxf6 10.
f4 Nc6 11. Nf3 Qd8 12. g4 Qc7 13. h4 O-O-O 14. Bd3 Kb8 15. g5 Nb4 16. Kb1 hxg5 17. hxg5 Rxh1 18. Rxh1 d5 19. e5 Qb6 20.
Ne2 Bc5 21. Rh7 Be3 22. Qd1 Nxd3 23. Qxd3 Bb5 24. Qd1 d4 25. Ne1 Bxe2 26. Qxe2 d3 27. Nxd3 Bxf4 28. Qf1 Rxd3 29. cxd3 Bxe5 30.
Qg2 Qe3 31. Qc2 Bf4 32. a3 Qg1+ 33. Ka2 Qxg5 34. Qc4 Be3 35. Rh8+ Ka7 36. Rf8 Qe7 37. Qc8 Bg5 38. Qb8+ Kb6 39.
Rc8 Qd7 40. Rc3 Bf6 41. Rb3+ Kc6 42. Qf4 Qd5 43. Qb8 Qd7 44. Rb4 b5 45. Rb3 Qc7 46. Qa8+ Qb7 47. Qf8 a5 48. Qh8 Kb6 49.
Qe8 Qd5 50. Qb8+ Ka6 51. a4 b4 52. Qc7 Bd4 53. Qc8+ Kb6 54. Qb8+ Kc6 55. Qe8+ Kd6 56. Qxf7 g5 57. Qg8 Ke7 58.
Qg6 Qf5 59. Qh5 g4 60. Qh2 Kf7 61. Qc7+ Kg6 62. Qd6 Qd5 63. Qf4 Kh5 64. Qh2+ Kg5 65. Qd2+ Kf5 66. Qh2 e5 67. Qh5+ Kf4 68.
Qh2+ g3 69. Qh4+ Kf3 70. Qh5+ Kf2 71. Qh4 Qf7 72. Qg5 g2 73. Qd2 Kf3 74. Qd1+ Kg3 75. Qe2 Qf1 0-1

[Event "Chess Festival Groningen 2023 | A"]
[Site "Groningen, Netherlands"]
[Date "2023.12.23"]
[Round "3.13"]
[White "Toktomushev, Teimur"]
[Black "Panda, Sambit"]
[Result "0-1"]
[TimeControl "90min/40moves + 30min + 30sec/move"]
[BlackFideId "25091794"]
[WhiteElo "2249"]
[BlackElo "2404"]

1. d4 Nf6 2. c4 e6 3. Nf3 d5 4. Nc3 h6 5. Bf4 Bd6 6. Bxd6 Qxd6 7. e3 O-O 8. Rc1 Qe7 9. Qc2 Nbd7 10.
cxd5 exd5 11. Bd3 c6 12. O-O Re8 13. Nd2 Nb6 14. Rce1 Be6 15. f3 Qd6 16. Nb3 Re7 17. Qf2 Rae8 18.
h3 Nh5 19. e4 Nf4 20. Bc2 Bxh3 21. e5 Qd7 22. Nc5 Qc8 23. Qg3 Nxg2 24. Re2 Nc4 25. Rxg2 Bxg2 26. Qxg2 Ne3 27. Qe2 Nxf1 28.
Qxf1 b6 29. Nd3 Qf5 30. Nb4 Qg5+ 31. Qg2 Qxg2+ 32. Kxg2 c5 33. Nbxd5 cxd4 34. Nxe7+ Rxe7 35. Nb5 Rxe5 36. Nxd4 Rd5 37.
Nb3 f5 38. Na1 Rd2+ 39. Kg3 g6 40. Bb3+ Kg7 41. Nc2 g5 42. Nb4 Rxb2 43. Nc6 f4+ 44. Kh3 Rf2 45. Bd5 Kf6 46. a4 a5 47.
Na7 Ke5 48. Ba8 Ra2 49. Bc6 Rc2 50. Be8 Rc7 51. Nb5 Rc1 52. Na7 Kd5 53. Nb5 Rc2 54. Bg6 Rf2 55. Kg4 Ke5 0-1

[Event "Chess Festival Groningen 2023 | A"]
[Site "Groningen, Netherlands"]
[Date "2023.12.23"]
[Round "3.14"]
[White "Jin, Yueheng"]
[Black "Grooten, Herman"]
[Result "1-0"]
[TimeControl "90min/40moves + 30min + 30sec/move"]
[WhiteElo "2398"]
[BlackElo "2243"]

1. d4 Nf6 2. c4 e6 3. g3 c5 4. d5 exd5 5. cxd5 d6 6. Nc3 g6 7. Nf3 Bg7 8. Bg2 O-O 9. O-O Re8 10.
Re1 a6 11. a4 Nbd7 12. Bf4 Nh5 13. Bg5 Qc7 14. e4 Rb8 15. a5 b5 16. axb6 Rxb6 17. Qc2 Ne5 18. Nxe5 Bxe5 19. Be3 Bd7 20.
Ra2 Reb8 21. Bf1 f5 22. exf5 Bxf5 23. Qc1 a5 24. Na4 R6b7 25. Bc4 Nf6 26. Nxc5 Bxb2 27. Rxb2 Rxb2 28. Na6 Qf7 29.
Nxb8 Rc2 30. Qa3 Rxc4 31. Qxd6 Ne8 32. Qa3 Qxd5 33. Bh6 Nd6 34. Qa1 Qd4 35. Qxa5 Ne4 36. Be3 Qd6 37. Qb5 Rc8 38.
Bf4 Qc5 39. Qb3+ Qc4 40. Qb7 Qd4 41. Rf1 Nc5 42. Qe7 Nd3 43. Nc6 Qg7 44. Be3 Bd7 45. Rd1 Re8 46. Qd6 Re6 47. Qd5 Nb2 48. Rd4 Qf7 49. Nd8 1-0

[Event "Chess Festival Groningen 2023 | A"]
[Site "Groningen, Netherlands"]
[Date "2023.12.23"]
[Round "3.15"]
[White "Aashman, Gupta"]
[Black "Stremavicius, Pijus"]
[Result "0-1"]
[TimeControl "90min/40moves + 30min + 30sec/move"]
[WhiteFideId "45022500"]
[WhiteElo "2235"]
[BlackElo "2367"]

1. d4 d5 2. c4 e6 3. Nc3 Nf6 4. cxd5 exd5 5. Bg5 c6 6. e3 h6 7. Bh4 Be7 8. Qc2 O-O 9. Bd3 Re8 10.
Nge2 Nbd7 11. O-O a5 12. Rac1 Nh5 13. Bxe7 Qxe7 14. Na4 g6 15. Kh1 Ng7 16. Rce1 Nf6 17. Nb6 Rb8 18. Nxc8 Rbxc8 19. Ng1 b6 20. Nf3 c5 21. Qb1 Ne4 22. Rd1 Nf5 23. dxc5 bxc5 24. Ba6 Rcd8 25. Bb5 Rf8 26. Nd2 Nf6 27.
h3 Nd6 28. Bd3 Rb8 29. Qa1 a4 30. b3 Rfc8 31. Rc1 Qe6 32. Rfd1 Nd7 33. Be2 axb3 34. axb3 Rb4 35. Qa6 Rb6 36.
Qa4 h5 37. Bf3 Nf6 38. Qa5 Rbc6 39. Qa4 g5 40. g4 Nde4 41. Kg2 hxg4 42. hxg4 Ra6 43. Qb5 Ra2 44. Nxe4 dxe4 45. Be2 Nxg4 46.
Rh1 Qf5 47. Rcf1 Nxe3+ 48. fxe3 Qg4+ 49. Kf2 Qf3+ 50. Ke1 Qxe3 0-1

[Event "Chess Festival Groningen 2023 | A"]
[Site "Groningen, Netherlands"]
[Date "2023.12.23"]
[Round "3.16"]
[White "Labruyere, Roger"]
[Black "Sanket, Chakravarty"]
[Result "1/2-1/2"]
[TimeControl "90min/40moves + 30min + 30sec/move"]
[BlackFideId "25032038"]
[WhiteElo "2208"]
[BlackElo "2361"]

1. e4 c5 2. Nf3 e6 3. c3 d5 4. exd5 exd5 5. d4 Nc6 6. Bb5 Bd6 7. O-O Nf6 8. Re1+ Be6 9. Be3 Qb6 10.
Bxc6+ bxc6 11. dxc5 Bxc5 12. Bxc5 Qxc5 13. Nd4 O-O 14. Nd2 Bd7 15. Qf3 a5 16. Qf4 a4 17. Rac1 Qb6 18. Rb1 Rfe8 19.
Rxe8+ Rxe8 20. Qd6 Qa6 21. N2f3 Qc4 22. Ne5 Qxa2 23. Rf1 Be6 24. Ndxc6 h6 25. Qb4 Ne4 26. Nd4 Bc8 27. Nef3 Ba6 28.
Re1 Ra8 29. Nf5 Qc4 30. Ne7+ Kh7 31. Nxd5 Qxd5 32. Rxe4 Rb8 33. Qxa4 Rxb2 34. Re1 Bb7 35. Qa1 Qb3 36. Qa5 Qc2 37.
Qc5 Rb3 38. Nd4 Qe4 39. Nf3 Qc2 40. Nd4 Qe4 41. Nf3 Qd3 42. Qe3 Qxc3 43. Qxc3 Rxc3 44. Ne5 f6 45. Ng4 h5 46. Ne3 g5 47.
h3 Kg6 48. Rb1 1/2-1/2

[Event "Chess Festival Groningen 2023 | A"]
[Site "Groningen, Netherlands"]
[Date "2023.12.23"]
[Round "3.17"]
[White "Albers, Sasa"]
[Black "Van Foreest, Machteld"]
[Result "1-0"]
[TimeControl "90min/40moves + 30min + 30sec/move"]
[WhiteElo "2192"]
[BlackElo "2344"]

1. e4 c5 2. Nf3 e6 3. d4 cxd4 4. Nxd4 Nc6 5. Nc3 Nf6 6. Nxc6 bxc6 7. e5 Nd5 8. Ne4 Qc7 9. f4 Qb6 10.
a3 Ba6 11. Qd2 Bxf1 12. Rxf1 Qa6 13. b3 Rb8 14. c4 Rxb3 15. cxd5 exd5 16. Qc2 Qb5 17. Ng5 d4 18. a4 Qd5 19.
Rb1 Bb4+ 20. Kf2 Rc3 21. Qe4 Qc4 22. Kg1 Bc5 23. Bd2 Rc2 24. Bb4 d3+ 25. Bxc5 Qxc5+ 26. Kh1 d2 27. Qd3 Rc4 28.
Ne4 Qd4 29. Qxc4 1-0

[Event "Chess Festival Groningen 2023 | A"]
[Site "Groningen, Netherlands"]
[Date "2023.12.23"]
[Round "3.18"]
[White "Palchuk, Andrii"]
[Black "Nicolai, Amir"]
[Result "1-0"]
[TimeControl "90min/40moves + 30min + 30sec/move"]
[WhiteElo "2328"]
[BlackElo "2156"]

1. d4 d5 2. c4 c6 3. Nf3 Nf6 4. Qc2 dxc4 5. Qxc4 Bf5 6. g3 e6 7. Bg2 Be7 8. O-O O-O 9. e3 Nbd7 10.
Qe2 Rc8 11. Nc3 b5 12. a3 a5 13. Bd2 b4 14. axb4 axb4 15. Na4 Be4 16. Rfc1 Qc7 17. Nc5 Nxc5 18. dxc5 Rb8 19. Ra4 b3 20.
Nd4 Bxg2 21. Kxg2 Nd7 22. Bb4 Bf6 23. Nxb3 Qe5 24. Nd4 Qd5+ 25. Qf3 Bxd4 26. Qxd5 exd5 27. exd4 Rfc8 28. Bc3 Nf8 29.
Ra7 Ne6 30. Rca1 Nc7 31. Kf3 Nb5 32. R7a6 Kf8 33. Rb6 Ke7 34. Rxb8 Rxb8 35. Ke3 Kd7 36. Kd3 Rb7 37. Ba5 Ra7 38.
b3 Ra8 39. Ra4 Re8 40. Bd2 Rb8 41. Bf4 Rb7 42. g4 f6 43. h4 g6 44. h5 f5 45. gxf5 gxf5 46. Be5 Na7 47. Kc3 Nc8 48.
Ra1 Ke6 49. Rg1 Rf7 50. f4 Na7 51. Rg8 Nb5+ 52. Kb2 Kd7 53. Rb8 Re7 54. Rf8 1-0

[Event "Chess Festival Groningen 2023 | A"]
[Site "Groningen, Netherlands"]
[Date "2023.12.23"]
[Round "3.19"]
[White "Kumar, Prajit Sai"]
[Black "Kanyamarala, Tarun"]
[Result "1-0"]
[TimeControl "90min/40moves + 30min + 30sec/move"]
[WhiteElo "2172"]
[BlackElo "2305"]

1. e4 c5 2. Nf3 d6 3. d4 cxd4 4. Nxd4 Nf6 5. Nc3 a6 6. Bg5 Nbd7 7. Bc4 Qb6 8. Bb3 e6 9. Qd2 Be7 10. O-O-O Nc5 11. f3 h5 12. Rhe1 Qc7 13.
f4 b5 14. e5 dxe5 15. fxe5 b4 16. exf6 bxc3 17. Qf2 Nxb3+ 18. Nxb3 cxb2+ 19. Kb1 gxf6 20. Bxf6 Bxf6 21. Qxf6 Rg8 22.
Re5 Qe7 23. Qf2 Bb7 24. Rxh5 Rd8 25. Rg1 Bd5 26. Kxb2 a5 27. Rh4 Rc8 28. g3 Qc7 29. Qd2 Qe5+ 30. Qd4 Qe2 31. Qd2 Qe5+ 32. Qd4 Qf5 33. Qa4+ Kf8 34. Rc1 Qe5+ 35. Kb1 Rg5 36.
Qd7 Ra8 37. Rf1 Rf5 38. Rxf5 exf5 39.
Rd4 Qe1+ 40. Kb2 a4 41. Rxa4 Qe5+ 42. Ka3 Rb8 43. Ra5 1-0

[Event "Chess Festival Groningen 2023 | A"]
[Site "Groningen, Netherlands"]
[Date "2023.12.23"]
[Round "3.20"]
[White "Slagboom, Leandro"]
[Black "Keuning, Selwin"]
[Result "1/2-1/2"]
[TimeControl "90min/40moves + 30min + 30sec/move"]
[WhiteElo "2304"]
[BlackElo "2139"]

1. e4 c5 2. Nf3 Nc6 3.
Bb5 g6 4. O-O Bg7 5. Re1 Nf6 6. Bxc6 dxc6 7.
d3 O-O 8. h3 Nd7 9. Nbd2 e5 10. a4 b6 11. a5 Ba6 12. b3 Qe7 13. Qe2 Rfd8 14. Bb2 f6 15. Nh2 Nf8 16. axb6 axb6 17. Nc4 Qc7 18. Ng4 Ne6 19.
Bc3 Nd4 20. Qd2 h5 21. Nge3 Bh6 22. Qd1 Bb7 23. Qb1 Rxa1 24. Bxa1 b5 25. Nd2 Qa5 26. c3 Ne6 27. Nf3 Qa7 28. Rd1 Bg7 29. Bb2 Ra8 30. Qc2 Rd8 31.
Rd2 Kh7 32. Qd1 Bc8 33. Kh2 Qc7 34. g3 Rd6 35. Qf1 Qd8 36. Rd1 Rd7 37. Nh4 Bh6 38. Nhg2 Ra7 39. h4 Qd7 40. Rd2 Qd8 41.
Qd1 Rd7 42. Qe2 Qc7 43. Ne1 Qa5 44. Qd1 Qd8 45. Nf3 Rd6 46. Kg1 Rd7 47. Qc2 Rd6 48. Rd1 Bg7 49. Kf1 Bh6 50. Ke2 Rd7 51.
Ra1 Qb6 52. Rf1 Qc7 53. Rd1 Qd8 54. Bc1 Bg7 55. Qa2 Qb6 56. Ng2 Ra7 57. Qb1 Rd7 58. Be3 b4 59. cxb4 Qxb4 60. Nd2 Ba6 61.
Ne1 Nd4+ 62. Bxd4 cxd4 63. Qc2 Rc7 64. Rb1 Bh6 65. Nc4 Bc8 66. Kf1 Be6 67. Qa2 Qb8 68. b4 Bf8 69. Nc2 Ra7 70. Qb3 Qb5 71. N2a3 1/2-1/2

[Event "Chess Festival Groningen 2023 | A"]
[Site "Groningen, Netherlands"]
[Date "2023.12.23"]
[Round "3.21"]
[White "Van Der Leest, Bert"]
[Black "De Jong, Migchiel"]
[Result "0-1"]
[TimeControl "90min/40moves + 30min + 30sec/move"]
[WhiteFideId "1009460"]
[WhiteElo "2142"]
[BlackElo "2301"]

1. e4 c5 2. Nf3 e6 3. d4 cxd4 4. Nxd4 a6 5.
Nc3 d6 6. Bc4 b5 7. Bb3 Nf6 8. O-O Be7 9. f4 O-O 10. e5 dxe5 11. fxe5 Nfd7 12. Be3 Nxe5 13. Qh5 Nbc6 14. Rad1 Qc7 15. Ne4 Nc4 16. Bxc4 bxc4 17.
Ng5 Bxg5 18. Qxg5 Bb7 19. Qc5 Rac8 20. Nxc6 Qxc6 21. Qxc6 Bxc6 22. Rd6 a5 23. Rf4 Bd5 24. a4 Rfd8 25. Rxd8+ Rxd8 26. Rd4 Rb8 27.
b3 cxb3 28. cxb3 Rxb3 29. Bd2 Rb2 30. g4 f6 31. h4 Ra2 32. Bxa5 Bc6 33. h5 e5 34. Rc4 Rxa4 35. Rxa4 Bxa4 36.
Kf2 Kf7 37. Bb4 Bd1 38. Kg3 Ke6 39. Bf8 g6 40. hxg6 hxg6 41. Bb4 Kd5 42. Be7 f5 43. gxf5 gxf5 44. Bd8 f4+ 45. Kf2 Bh5 46. Bc7 Ke4 47. Bd6 Kf5 48. Bc7 e4 49. Bb6 Ke6 50. Bd4 Kd5 51. Bb6 Kc4 52. Bc7 e3+ 53. Ke1 f3 54. Bg3 Kd3 55. Bh4 Bf7 56. Bg3 Bc4 57. Bh4 Ke4 0-1

[Event "Chess Festival Groningen 2023 | A"]
[Site "Groningen, Netherlands"]
[Date "2023.12.23"]
[Round "3.22"]
[White "Jaiveer, Mahendru"]
[Black "Adamovics, Aleksejs"]
[Result "0-1"]
[TimeControl "90min/40moves + 30min + 30sec/move"]
[WhiteFideId "25611151"]
[WhiteElo "2294"]
[BlackElo "2015"]

1. e4 c5 2. Nf3 Nc6 3. d4 cxd4 4. Nxd4 Nf6 5. Nc3 e5 6. Ndb5 d6 7. Bg5 a6 8. Na3 b5 9. Nd5 Be7 10. Bxf6 Bxf6 11. c4 b4 12. Nc2 O-O 13. Be2 a5 14. O-O Bg5 15. Qd3 Be6 16. a3 bxa3 17. Nxa3 Nd4 18.
Nb5 Bxd5 19. exd5 Bf6 20. Nxd4 exd4 21. Bd1 Re8 22. Ba4 Re7 23. Ra3 Qb6 24. Bc6 Rb8 25. Bb5 Ra8 26. Bc6 Rb8 27.
Bb5 Ra8 28. Qd2 Rea7 29. Re1 Re7 30.
Rxe7 Bxe7 31. b4 Bd8 32. Qe1 g6 33. g4 Qc7 34. Bc6 Ra7 35. Qe8+ Kg7 36. Qe4 Qb6 37. b5 Re7 38. Qf4 Qc5 39. Rh3 f6 40. Qc1 Qb4 41.
Kf1 a4 42. Kg2 Bb6 43. Be8 Kg8 44. Bxg6 hxg6 45. Qh6 Rg7 46. Qh8+ Kf7 47. Qc8 Qe1 48. Rh8 Qe4+ 49. Kg3 g5 50. Qb7+ Kg6 51. Qxb6 d3 52. f3 Qe5+ 53. Kg2 d2 54. h4 d1=Q 0-1

[Event "Chess Festival Groningen 2023 | A"]
[Site "Groningen, Netherlands"]
[Date "2023.12.23"]
[Round "3.23"]
[White "Kazarjan, Gachatur"]
[Black "Lambrechts, Koen"]
[Result "0-1"]
[TimeControl "90min/40moves + 30min + 30sec/move"]
[WhiteElo "2078"]
[BlackElo "2290"]

1. e4 d5 2. exd5 Qxd5 3. Nc3 Qd8 4. d4 Nf6 5. Bc4 c6 6. a4 Bg4 7. f3 Bf5 8. g4 Bg6 9. h4 h5 10. g5 Nd5 11. Nxd5 cxd5 12.
Bd3 Bxd3 13. Qxd3 g6 14. Ne2 Bg7 15. Nf4 O-O 16. Be3 Nc6 17. O-O-O Qd6 18. Ne2 a6 19. Nc3 Rfc8 20. Kd2 e5 21.
dxe5 Nxe5 22. Qxd5 Qb4 23. Ke2 Qxb2 24.
Ne4 Rxc2+ 25. Rd2 Nc4 26. Rxc2 Qxc2+ 27. Bd2 Nxd2 28. Qxd2 Qxa4 29. Rb1 Qc4+ 30. Kf2 Qd4+ 0-1